Unix NetHack Version 5.0.0-0 post-release - last build May 23 2026 06:08:33 (1c0ff79ee797540d5714e4e18072db0edd9e58ae,branch:main).

Game began 2026-05-23 17:27:28, ended 2026-05-24 06:38:55.

Atomicjoy, chaotic male elven Wizard

     -------------
     |............
     |<..........|
     |.........[..j)      #######
     -------------

Atomicjoy the Thaumaturge  St:12 Dx:13 Co:16 In:20 Wi:9 Ch:13  Chaotic
Dlvl:9  $:164 HP:0(49) Pw:6(66) AC:0  Xp:7/866 T:5303  Burdened

Latest messages:
 You miss the orc mummy.
 The orc mummy misses!
 The orc mummy hits!
 You miss the orc mummy.
 The orc mummy hits!
 The magic-absorbing blade cancels the orc mummy!
 The orc mummy hits!
 The magic-absorbing blade stuns the orc mummy!
 The orc mummy hits!
 You destroy the orc mummy!
 You have no ammunition readied.
 What do you want to fire? [$aC or ?*] <enter>
 Never mind.
 You see here a mummy wrapping.
 You see here an uncursed elven dagger.
 In what direction? 6
 The spell hits the wood nymph!
 You have no ammunition readied.
 What do you want to fire? [$aC or ?*] ?
 You ready: C - a dagger.
 In what direction? 6
 The dagger hits the wood nymph.
 You have a little trouble lifting K - an uncursed elven dagger (at the ready).
 The wood nymph picks up a blessed crude dagger.
 The wood nymph stole a magic marker (0:19).
 The wood nymph vanishes and reappears close by.
 In what direction? 4
 The elven dagger hits the wood nymph.
 The wood nymph picks up an uncursed elven dagger.
 The wood nymph vanishes!
 There is a doorway here.
 You see here an uncursed crude dagger.
 You have no ammunition readied.
 What do you want to fire? [$a or ?*] <enter>
 Never mind.
 You have a little trouble lifting S - an uncursed crude dagger (at the ready).
 You see here a partly eaten rothe corpse.
 There is a partly eaten rothe corpse here; eat it? [ynq] (n) y
 You resume your meal.
 You finish eating the rothe corpse.
 You see here a mummy wrapping.
 The ochre jelly engulfs you!
 You are covered in slime!  It burns!
 You hit the ochre jelly.
 You hit the ochre jelly.
 You are covered in slime!  It burns!
 You hit the ochre jelly.
 You are splashed by the ochre jelly's acid!
 You die...
 Do you want your possessions identified? [ynq] (y) q

Inventory:
 Coins    ('$')
  $ - 164 gold pieces
 Weapons  (')')
  W - the rustproof +0 Magicbane (weapon in right hand)
  S - a +0 orcish dagger (at the ready)
  a - a blessed +1 quarterstaff
 Armor    ('[')
  Q - an uncursed +0 orcish helm (being worn)
  A - an uncursed +0 pair of low boots (being worn)
  b - an uncursed +0 cloak of magic resistance (being worn)
  l - an uncursed +0 crystal plate mail (being worn)
 Comestibles  ('%')
  v - 2 uncursed slime molds
 Scrolls  ('?')
  O - an uncursed scroll of blank paper
  x - 2 uncursed scrolls of enchant weapon
  Z - a blessed scroll of food detection
  M - an uncursed scroll of genocide
  k - 3 uncursed scrolls of identify
  j - 3 uncursed scrolls of light
  u - an uncursed scroll of magic mapping
  N - a blessed scroll of remove curse
  i - 3 uncursed scrolls of remove curse
  T - an uncursed scroll of stinking cloud
  E - 2 uncursed scrolls of teleportation
 Potions  ('!')
  y - a blessed potion of extra healing
  R - an uncursed potion of gain level
  q - an uncursed potion of hallucination
  I - 2 uncursed potions of healing
  g - an uncursed potion of invisibility
  h - 2 uncursed potions of monster detection
  F - an uncursed potion of restore ability
  f - a potion of holy water
 Rings    ('=')
  s - an uncursed ring of conflict
  d - an uncursed ring of polymorph
  e - an uncursed ring of shock resistance
 Wands    ('/')
  p - a wand of digging (0:8)
  B - a wand of digging (0:5)
  G - a wand of fire (0:8)
  m - a wand of speed monster (0:8)
  c - a wand of undead turning (0:7)
 Tools    ('(')
  o - an uncursed bell
  J - a crystal ball (0:6)
  z - an uncursed lock pick
  w - an uncursed mirror
 Gems/Stones  ('*')
  H - an uncursed citrine stone
  Y - 2 uncursed obsidian stones
  t - 3 uncursed worthless pieces of black glass
  D - an uncursed worthless piece of green glass

Atomicjoy the Wizard's attributes:

Background:
 You were a Thaumaturge, a level 7 male elven Wizard.
 You were chaotic, on a mission for Anhur
 who was opposed by Ptah (lawful) and Thoth (neutral).
 You were right-handed.
 You were in the Dungeons of Doom, on level 9.
 You entered the dungeon 5303 turns ago.
 You had 866 experience points, 414 more were needed to attain level 8.

Basics:
 You had 0 out of 49 hit points.
 You had 6 out of 66 energy points (spell power).
 Your armor class was 0.
 Your wallet contained 164 zorkmids.
 Autopickup was off.

Final Characteristics:
 Your strength was 12 (limit:18).
 Your dexterity was 13 (limit:18).
 Your constitution was 16 (limit:16).
 Your intelligence was 20 (limit:20).
 Your wisdom was 9 (limit:20).
 Your charisma was 13 (limit:18).

Final Status:
 You were engulfed by the ochre jelly.
 You weren't hungry.
 You were burdened; movement was slightly slowed.
 You were wielding a dagger.
 You had basic skill with dagger.

Final Attributes:
 You were piously aligned.
 You were magic-protected.
 You were sleep resistant.
 You were poison resistant.
 You had infravision.
 You were guarded.
 You are dead.

Miscellaneous:
 You didn't encounter any bones levels.
 Total elapsed playing time was 1 hour, 34 minutes and 51 seconds.

Major events:
 Turn
    1: Atomicjoy the chaotic male elven Wizard entered the dungeon
 1205: attained the rank of Conjurer (level 3)
 1600: entered the Gnomish Mines
 2093: was bestowed with Magicbane by Anhur
 3602: attained the rank of Thaumaturge (level 6)
 5303: killed by an ochre jelly

Spells:
 Name                 Level Category     Fail Retention
 force bolt             1   attack         0%   71%-80%
 protection             1   clerical       0%   51%-75%
 detect treasure        4   divination    95%  76%-100%
 healing                1   healing        0%  76%-100%
 detect food            2   divination    48%  76%-100%
 fireball               4   attack        63%   81%-90%
 cure blindness         2   healing       48%  76%-100%
 invisibility           4   escape        95%  76%-100%

Skills:
 Fighting Skills
   bare handed combat [Unskilled]
   riding             [Unskilled]
 Weapon Skills
   dagger             [Basic]
   knife              [Unskilled]
   axe                [Unskilled]
   short sword        [Unskilled]
   club               [Unskilled]
   mace               [Unskilled]
   quarterstaff       [Basic]
   polearms           [Unskilled]
   spear              [Unskilled]
   trident            [Unskilled]
   sling              [Unskilled]
   dart               [Unskilled]
   shuriken           [Unskilled]
 Spellcasting Skills
   attack spells      [Basic]
   healing spells     [Unskilled]
   divination spells  [Unskilled]
   enchantment spells [Basic]
   clerical spells    [Unskilled]
   escape spells      [Unskilled]
   matter spells      [Unskilled]

Voluntary challenges:
 Character rerolling was not enabled.
 You never genocided any monsters.
 You never polymorphed an object.
 You never changed form.
 You used no wishes.
Achievements:
 You attained the rank of Conjurer.
 You entered the Gnomish Mines.
 You entered a shop.
 You attained the rank of Thaumaturge.

 The Dungeons of Doom: levels 1 to 9
    Level 1:
       An altar to Anhur.
    Level 2:
    Level 3:
       Some fountains, a sink.
    Level 4:
       Stairs down to The Gnomish Mines.
    Level 5:
    Level 6:
       A general store, a fountain, a grave.
    Level 7:
       Some fountains.
    Level 8:
    Level 9: <- You were here.
       Final resting place for
          you, killed by an ochre jelly.
 The Gnomish Mines:
    Level 5:


Vanquished creatures:
  2 small mimics
  a spotted jelly
  a leprechaun
  a giant spider
 an orc mummy
  2 lizards
  a dingo
  a raven
  a gnome mummy
  a snake
  7 human zombies
  a wood nymph
 an Uruk-hai
  a pony
  2 shriekers
  2 gnome leaders
  a kobold mummy
  a gray ooze
  a kitten
  a dwarf
  a homunculus
  6 rothes
  a monkey
  a wererat
  3 werejackals
  2 iguanas
  a killer bee
 an acid blob
  a coyote
  a hobbit
  a large kobold
  a hobgoblin
  3 cave spiders
  a red mold
  a garter snake
  2 gnome zombies
  5 geckos
 10 jackals
  a fox
  a kobold
  3 goblins
  a sewer rat
  3 grid bugs
 10 lichens
  a kobold zombie
 13 newts
105 creatures vanquished.

No species were genocided or became extinct.

Game over:
                       ----------
                      /          \
                     /    REST    \
                    /      IN      \
                   /     PEACE      \
                  /                  \
                  |    Atomicjoy     |
                  |      164 Au      |
                  |   killed by an   |
                  |   ochre jelly    |
                  |                  |
                  |                  |
                  |       2026       |
                 *|     *  *  *      | *
        _________)/\\_//(\/(/\)/\//\/|_)_______

Goodbye Atomicjoy the Wizard...

You died in The Dungeons of Doom on dungeon level 9 with 4012 points,
and 164 pieces of gold, after 5303 moves.
You were level 7 with a maximum of 49 hit points when you died.

